AoeStats
← THL

Arabia

507707125Analyzed
1v1 RM · 13d ago on Sep 19, 2026· 39m 9s· 2 players
Game mode
Random Map
Map size
Tiny (2 player)
Population
200
Speed
Normal
Resources
Standard
Victory
Conquest
Starting age
Dark Age
Ending age
Imperial Age
RankedLock teamsTeams togetherTeam positionsShared explorationLock speedFull tech treeHidden civsTurbo modeCheats
Victory
Defeat
🇻🇳 Maya · Vietnam
1724
+14
🇨🇿 Jurchens · Czechia
1682
-14
Minerva
6:21 Loom
8:45 Feudal Age
9:23 Double-Bit Axe
16:48 Fletching
18:49 Horse Collar
21:56 Castle Age
22:30 Padded Archer Armor
22:26 Elite Skirmisher
25:33 Bloodlines
25:23 Husbandry
29:59 Bodkin Arrow
32:27 Ballistics
33:51 Leather Archer Armor
39:27 Imperial Age
THL
0:26 Loom
10:38 Feudal Age
10:47 Man-at-Arms
14:30 Double-Bit Axe
20:01 Castle Age
18:24 Fletching
18:52 Gold Mining
20:04 Crossbowman
21:05 Bodkin Arrow
23:39 Bow Saw
26:55 Wheelbarrow
27:15 Ballistics
27:02 Padded Archer Armor
27:03 Town Watch
28:54 Leather Archer Armor
37:43 Imperial Age
36:12 Thumb Ring
38:41 Bracer
39:46 Chemistry
Connection lost

Rejoining the realm…

Still unreachable

The connection could not be restored.

Session expired

The server has moved on; the page needs a fresh start.